 Dungeon Crawl Stone Soup version 0.20.2-3-g29329e0561 (webtiles) character file.

195 Alfie the Shooter (level 5, -12/46 HPs)
             Began as a Deep Dwarf Hunter on Aug 26, 2020.
             Killed by divine providence
             ... invoked by an orc priest
              (14 damage)
             ... on level 4 of the Dungeon.
             The game lasted 00:08:36 (2329 turns).

Alfie the Shooter (Deep Dwarf Hunter)               Turns: 2329, Time: 00:08:37

Health: -12/46     AC:  5    Str: 17    XL:     5   Next: 45%
Magic:  5/5        EV: 13    Int: 11    God:
Gold:   201        SH:  0    Dex: 13    Spells: 1/4 levels left

rFire    . . .     SeeInvis .   a - +1 shortbow
rCold    . . .     Gourm    .   (shield currently unavailable)
rNeg     . . .     Faith    .   c - +1 leather armour
rPois    .         Spirit   .   (no helmet)
rElec    .         Reflect  .   (no cloak)
rCorr    .         Harm     .   (no gloves)
MR       .....                  (no boots)
Stlth    +.........             (no amulet)
Regen    0.0/turn               h - +1 ring of protection
MPRegen  0.1/turn               (no ring)

@: non-regenerating
A: damage resistance, heal wounds, sense surroundings 1, no regeneration
a: Heal Wounds


You were on level 4 of the Dungeon.
You were not hungry.

You visited 1 branch of the dungeon, and saw 4 of its levels.

You collected 201 gold pieces.

Inventory:

Hand Weapons
 a - a +1 shortbow (weapon)
 b - a +0 short sword
Missiles
 d - 51 arrows (quivered)
Armour
 c - a +1 leather armour (worn)
Jewellery
 h - a +1 ring of protection (left hand)
Scrolls
 e - a scroll of enchant weapon {unknown}
 f - a scroll of identify
 l - 2 scrolls of remove curse
Books
 j - a Fen Folio

   Spells                             Type                      Level
   a - Corpse Rot                     Necromancy                   2
   b - Stone Arrow                    Conjuration/Earth            3
   c - Leda's Liquefaction            Hexes/Earth                  4
   d - Summon Forest                  Summoning/Translocation      5
   e - Hydra Form                     Transmutation                6
   f - Summon Hydra                   Summoning                    7
Comestibles
 g - 2 meat rations
 i - 7 fruits
 n - a royal jelly


   Skills:
 + Level 2.6 Fighting
 + Level 4.4 Bows
 + Level 1.5 Armour
 + Level 2.9 Dodging
 + Level 1.2 Stealth


You had one spell level left.
You knew the following spells:

 Your Spells              Type           Power        Failure   Level  Hunger
a - Stone Arrow           Conj/Erth      #.....       77%         3    ####...


Dungeon Overview and Level Annotations

Branches:
Dungeon (4/15)
 Temple: D:4-7

Altars:
Cheibriados
Yredelemnul


Innate Abilities, Weirdness & Mutations

You are resistant to damage.
You can heal yourself by infusing magical energy.
You passively map a small area around you.
You do not regenerate.


Message History

You shoot an arrow. The arrow hits the orc.
The orc is almost dead.
The orc priest miscasts a cantrip.
Firing (i - inventory):
d - 53 arrows (quivered)
Press: ? - help, Shift-Dir - straight line, f/p - orc
Aim: an orc, wielding a flail (almost dead)
You shoot an arrow. The arrow hits the orc.
You kill the orc!
The orc wizard gestures at you while chanting.
You easily resist.
The orc wizard gestures at you while chanting.
The magic dart hits you!
Firing (i - inventory):
d - 52 arrows (quivered)
Press: ? - help, Shift-Dir - straight line, f - orc priest
Aim: an orc priest, wielding an enchanted dagger and wearing a leather armour You shoot an arrow.
The arrow closely misses the orc priest.
The orc priest invokes the aid of Beogh against you.
Beogh smites you!
You die...

* , , , ,
..........(
#.........# ,
,, ,
+..(......+
#...o.(...# , ,
#.....o.o.# . ,
*....%....#...
*#.......... ,
, #..@....# *
#.......# , ,,
#.......... * ,
, *#..........
,,........... *
, ,
............ **
,,.............
* * ,
####..........
* , , , ,


You could see an orc priest, an orc wizard and an orc.

Vanquished Creatures
  6 gnolls (D:3)
  5 adders
  A worm (D:3)
  4 dart slugs
  2 leopard geckos
  2 orcs (D:4)
  2 ball pythons
  9 bats
  3 giant cockroaches
  10 goblins
  5 hobgoblins
  11 jackals
  A quokka (D:3)
  5 frilled lizards
  4 kobolds
  9 rats
79 creatures vanquished.

Notes
Turn   | Place    | Note
-------+----------+-------------------------------------------
     0 | D:1      | Alfie the Deep Dwarf Hunter began the quest for the Orb.
     0 | D:1      | Reached XP level 1. HP: 19/19 MP: 1/1
     3 | D:1      | Reached skill level 3 in Bows
   109 | D:1      | Reached XP level 2. HP: 20/26 MP: 2/2
   467 | D:1      | Reached XP level 3. HP: 24/32 MP: 3/3
   955 | D:2      | Found a basalt altar of Yredelemnul.
  1434 | D:3      | Reached XP level 4. HP: 27/40 MP: 4/4
  1437 | D:3      | Reached skill level 1 in Armour
  1499 | D:3      | Reached skill level 4 in Bows
  1599 | D:3      | Reached XP level 5. HP: 5/46 MP: 5/5
  1939 | D:3      | Found a snail-covered altar of Cheibriados.
  1948 | D:3      | Learned a level 3 spell: Stone Arrow
  2128 | D:3      | HP: 2/46 [adder (3)]
  2329 | D:4      | Killed from afar by an orc priest

Skill      XL: |  1  2  3  4 |
---------------+-------------+-----
Bows           | 3 4 |  4.4
Fighting       | 2 |  2.6
Armour         | 1 |  1.5
Dodging        | |  2.9
Stealth        | |  1.2

Action                   |  1- 3 |  4- 6 || total
-------------------------+-------+-------++-------
Melee: Short sword       |     1 |       ||     1
 Fire: Shortbow          |   114 |   119 ||   233
  Use: Scroll            |     4 |     3 ||     7
       Potion            |       |     3 ||     3
  Eat: Bread ration      |     1 |       ||     1
Armor: Ring mail         |    15 |    10 ||    25
       Leather armour    |       |    11 ||    11
Dodge: Dodged            |    41 |    52 ||    93
